 Dungeon Crawl Stone Soup version 0.14-a0-1817-gb992dfe (webtiles) character file.

122 HollowCharge the Covered (level 4, 0/42 HPs)
             Began as a Formicid Fighter on Jan 9, 2014.
             Succumbed to poison (a potion of poison)
             ... on Level 3 of the Dungeon.
             The game lasted 00:08:13 (1165 turns).

HollowCharge the Covered (Formicid Fighter)         Turns: 1165, Time: 00:08:13

HP   0/42        AC 22     Str 22      XL: 4   Next: 86%
MP   4/4         EV  1     Int  7      God:
Gold 47          SH 15     Dex 10      Spells:  0 memorised,  3 levels left

rFire  + . .     SeeInvis .     a - +0,+1 mace
rCold  + . .     Clarity  +     b - melded +0 scale mail
rNeg   + + +     Conserve .     c - +0 shield
rPois  +         rCorr    .     (helmet unavailable)
rElec  +         rRot     .     (cloak currently unavailable)
SustAb . .       Spirit   .     (gloves currently unavailable)
rMut   .         Warding  .     j - melded +0 pair of boots
Saprov . . .     Stasis   +     m - amulet of clarity {unknown}
                                (no ring)
                                (no ring)

@: tree-form, mildly poisoned, slightly resistant to hostile enchantments,
unstealthy
A: permanent stasis, dig shafts and tunnels, four strong arms, poison weakness,
(antennae 0), (exoskeleton 0)
a: Dig, Shaft Self


You were on level 3 of the Dungeon.
You were not hungry.
You were an animated tree.
You visited 1 branch of the dungeon, and saw 3 of its levels.

You collected 47 gold pieces.

Inventory:

Hand weapons
 a - a +0,+1 mace (weapon)
Armour
 b - a +0 scale mail (melded)
 c - a +0 shield (worn)
 j - a +0 pair of boots (melded)
Magical devices
 h - a wand of slowing (10) {unknown}
Comestibles
 d - 2 bread rations
 f - an apple
 i - 15 sultanas
 n - a chunk of goblin flesh
 p - a chunk of adder flesh
Scrolls
 g - a scroll of random uselessness
Jewellery
 m - an amulet of clarity (around neck) {unknown}
Potions
 l - a potion of lignification
 o - a potion of heal wounds {unknown}


   Skills:
 + Level 3.4 Fighting
 + Level 2.6 Maces & Flails
 + Level 4.7 Armour
 + Level 3.5 Shields


You had 3 spell levels left.
You didn't know any spells.

Dungeon Overview and Level Annotations

Branches:
Dungeon (3/16)

Altars:
Sif Muna

Annotations:
D:2 Sigmund


Innate Abilities, Weirdness & Mutations

Your are under a permanent stasis effect.
You can dig through walls and to a lower floor.
Your four strong arms can wield any weapon, most with a shield.
((You are susceptible to poison.))*
((You have a pair of large antennae on your head (SInv).))*
((Your body is surrounded by an exoskeleton. (HP +5, AC +1)))*


Message History

You feel sick.
* * * LOW HITPOINT WARNING * * *
You feel sick.
* * * LOW HITPOINT WARNING * * *
You feel sick.
* * * LOW HITPOINT WARNING * * *
You feel sick.
* * * LOW HITPOINT WARNING * * *
You feel sick.
* * * LOW HITPOINT WARNING * * *
You feel sick.
You feel a little better.
* * * LOW HITPOINT WARNING * * *
You feel sick.
You feel a little better.
* * * LOW HITPOINT WARNING * * *
You feel sick.
* * * LOW HITPOINT WARNING * * *
You feel sick.
You die...

#.....#
#..#
#.......#
#.##
#.#####.#
#.# #. ...
#.# .. .#.
#.# ##. #.#
#.# . #.#
.....####♣#
#.......).#
###########


There were no monsters in sight!

Vanquished Creatures
  4 adders (D:3)
  A giant gecko (D:1)
  A ball python (D:3)
  2 bats (D:1)
  7 goblins
  5 hobgoblins
  9 jackals (D:3)
  3 kobolds
  A quokka (D:3)
  A giant newt (D:3)
  5 rats
39 creatures vanquished.

Notes
Turn   | Place    | Note
--------------------------------------------------------------
     0 | D:1      | HollowCharge, the Formicid Fighter, began the quest for the Orb.
     0 | D:1      | Reached XP level 1. HP: 19/19 MP: 1/1
    54 | D:1      | Reached XP level 2. HP: 17/24 MP: 2/2
   104 | D:1      | Reached skill level 4 in Armour
   396 | D:1      | Reached XP level 3. HP: 28/28 MP: 3/3
   417 | D:1      | You fall through a shaft!
   417 | D:2      | Noticed Sigmund
   420 | D:2      | You fall through a shaft!
   555 | D:3      | Reached XP level 4. HP: 11/33 MP: 4/4
   968 | D:3      | Found a deep blue altar of Sif Muna.
  1143 | D:3      | HP: 2/42 [poison (a potion of poison)]
  1148 | D:3      | HP: 1/42 [poison (a potion of poison)]
  1156 | D:3      | HP: 1/42 [poison (a potion of poison)]
  1162 | D:3      | HP: 1/42 [poison (a potion of poison)]
  1165 | D:3      | Succumbed to poison (a potion of poison)

Action                   |  1- 3 |  4- 6 || total
-------------------------+-------+-------++-------
Melee: Mace              |   103 |    40 ||   143
 Abil: Dig               |     2 |       ||     2
       Shaft Self        |     2 |       ||     2
  Use: Scroll            |       |     5 ||     5
       Potion            |       |     3 ||     3
